 Dungeon Crawl Stone Soup version 0.21.1-1-g345015f (webtiles) character file.

378 kae the Insei (level 6, -9/46 HPs)
             Began as a Demonspawn Transmuter on May 19, 2018.
             Was a Follower of Wu Jian.
             Mangled by Menkaure (21 damage)
             ... on level 4 of the Dungeon.
             The game lasted 00:06:48 (6059 turns).

kae the Insei (Demonspawn Transmuter)               Turns: 6059, Time: 00:06:49

Health: -9/46      AC:  2    Str: 10    XL:     6   Next: 45%
Magic:  1/10       EV: 12    Int: 15    God:    Wu Jian [*.....]
Gold:   122        SH:  0    Dex: 15    Spells: 0/11 levels left

rFire    . . .     SeeInvis .     - Unarmed
rCold    . . .     Gourm    .   (no shield)
rNeg     . . .     Faith    .   b - +0 robe
rPois    .         Spirit   .   (no helmet)
rElec    .         Reflect  .   (no cloak)
rCorr    .         Harm     .   (no gloves)
MR       .....                  (no boots)
Stlth    ++........             (no amulet)
HPRegen  0.15/turn              (no ring)
MPRegen  0.12/turn              (no ring)

@: appendage (expiring), very slightly contaminated
A: hooves 1, horns 2, nightstalker 1, spiny 1, sturdy frame 1
a: End Transformation, Renounce Religion


You were on level 4 of the Dungeon.
You worshipped Wu Jian.
Wu Jian was aware of your devotion.
You were not hungry.
You had grown temporary horns.
You visited 1 branch of the dungeon, and saw 4 of its levels.

You collected 122 gold pieces.

Inventory:

Armour
 b - a +0 robe (worn)
Jewellery
 f - a cursed ring of loudness {unknown}
Wands
 e - a wand of iceblast (10)
 l - a wand of polymorph (14)
Scrolls
 h - 3 scrolls of remove curse
 j - 4 scrolls of teleportation {unknown}
 k - 4 scrolls of identify {unknown}
Potions
 a - a potion of flight
 g - 3 potions of curing
 n - a potion of invisibility
Books
 c - a book of Changes

   Spells                             Type                      Level
   a - Beastly Appendage              Transmutation                1
   b - Sticks to Snakes               Transmutation                2
   c - Spider Form                    Transmutation/Poison         3
   d - Ice Form                       Ice/Transmutation            4
   e - Blade Hands                    Transmutation                5
Comestibles
 d - 3 rations


   Skills:
 + Level 2.6 Fighting
 - Level 1.7 Dodging
 * Level 4.4 Unarmed Combat
 + Level 3.1 Spellcasting
 * Level 3.9 Transmutations


You couldn't memorise any spells.
You knew the following spells:

 Your Spells              Type           Power        Failure   Level  Hunger
a - Beastly Appendage     Tmut           ##....       4%          1    #......
b - Sticks to Snakes      Tmut           ##......     6%          2    ##.....
c - Spider Form           Tmut/Pois      #.........   26%         3    ###....
d - Blade Hands           Tmut           ##........   73%         5    ######.


Dungeon Overview and Level Annotations

Branches:
Dungeon (4/15)
 Temple: D:4-7

Altars:
Ru
Wu Jian

Annotations:
D:2 Terence
D:4 Grinder; Menkaure; bmj180's ghost, novice GrEE


Innate Abilities, Weirdness & Mutations

You have large cloven feet.
You are slightly more attuned to the shadows.
You are partially covered in sharp spines.
Your movements are slightly less encumbered by armour. (ER -2)
You have a pair of horns on your head.


Message History

You punch Menkaure! You kick Menkaure, but do no damage.
Menkaure is moderately damaged.
Menkaure barely misses you.
You hit Menkaure.
You headbutt Menkaure, but do no damage.
Menkaure is heavily damaged.
Your transformation is almost over.
Menkaure calls on the powers of darkness!
Your body is wracked with pain!
You barely miss Menkaure.
Menkaure is heavily damaged.
You hit Menkaure.
Menkaure is severely damaged.
Menkaure points at you and mumbles some strange words.
Pain shoots through your body!
* * * LOW HITPOINT WARNING * * *
You hit Menkaure.
Menkaure is almost destroyed.
Menkaure hits you!!
You die...

..#...#.......#...#
..#...#.......#...#
..#...#.......#...#
..#...#.......#...#
..#...#.......+...#
..#...#.......#...#
####'##.......#...#
......#.......#...#
......#.......#.@.#
......#.......##M###
......#............#
......#............#
......#............#
...................#
######.#######.....#
.......# #.....#
.......# #.....#


You could see Menkaure.

Vanquished Creatures
  An orc priest (D:3)
  A gnoll shaman (D:3)
  Natasha (thrice) (D:2)
  2 worker ants (D:4)
  5 gnolls
  8 adders
  2 worms
  2 dart slugs
  13 orcs
  A ball python (D:3)
  3 giant cockroaches
  6 goblins
  5 hobgoblins
  5 jackals
  A kobold (D:1)
  A quokka (D:3)
  5 bats
  2 frilled lizards
  A quokka skeleton (D:4)
  6 rats
73 creatures vanquished.

Vanquished Creatures (collateral kills)
  A gnoll (D:3)
1 creature vanquished.

Grand Total: 74 creatures vanquished

Notes
Turn   | Place    | Note
-------+----------+-------------------------------------------
     0 | D:1      | kae the Demonspawn Transmuter began the quest for the Orb.
     0 | D:1      | Reached XP level 1. HP: 15/15 MP: 3/3
   203 | D:1      | Gained mutation: You are partially covered in sharp spines. [demonic ancestry]
   203 | D:1      | Reached XP level 2. HP: 8/21 MP: 3/5
   801 | D:2      | Reached skill level 3 in Unarmed Combat
  1005 | D:2      | Noticed Terence
  1045 | D:1      | Learned a level 2 spell: Sticks to Snakes
  1205 | D:2      | Found an ornate altar of the Wu Jian Council.
  1306 | D:2      | Became a worshipper of the Wu Jian Council
  1344 | D:2      | Gained mutation: You have large cloven feet. [demonic ancestry]
  1344 | D:2      | Reached XP level 3. HP: 17/26 MP: 6/6
  1545 | D:2      | Noticed Natasha
  1552 | D:2      | Killed Natasha
  1891 | D:2      | Gained mutation: You are slightly more attuned to the shadows. [demonic ancestry]
  1891 | D:2      | Reached XP level 4. HP: 14/33 MP: 7/7
  1966 | D:2      | Noticed Natasha
  1973 | D:2      | Killed Natasha
  2248 | D:2      | Noticed Natasha
  2254 | D:2      | Killed Natasha
  2672 | D:3      | Reached XP level 5. HP: 17/38 MP: 1/8
  3173 | D:3      | Reached * piety under Wu Jian
  3309 | D:3      | Reached skill level 4 in Unarmed Combat
  4291 | D:4      | Gained mutation: Your movements are slightly less encumbered by armour. (ER -2) [demonic ancestry]
  4291 | D:4      | Reached XP level 6. HP: 16/45 MP: 7/10
  5248 | D:4      | Noticed bmj180's ghost (novice GrEE)
  5424 | D:4      | Found a sacrificial altar of Ru.
  5606 | D:4      | Noticed Grinder
  5634 | D:3      | Learned a level 3 spell: Spider Form
  5640 | D:3      | Learned a level 5 spell: Blade Hands
  5653 | D:4      | Paralysed by Grinder for 7 turns
  6038 | D:4      | Noticed Menkaure
  6059 | D:4      | Mangled by Menkaure

Skill      XL: |  1  2  3  4  5  6 |
---------------+-------------------+-----
Transmutations | 2 3 |  3.9
Unarmed Combat | 3 4 |  4.4
Fighting       | 2 |  2.6
Spellcasting   | 3 |  3.1
Dodging        | |  1.7

Action                   |  1- 3 |  4- 6 || total
-------------------------+-------+-------++-------
Melee: Unarmed           |    76 |   148 ||   224
       Kick              |    10 |    26 ||    36
       Punch             |     2 |     3 ||     5
       Headbutt          |     2 |    15 ||    17
 Cast: Beastly Appendage |     4 |    13 ||    17
       Sticks to Snakes  |     1 |    11 ||    12
       Spider Form       |       |     2 ||     2
Invok: Lunge             |     4 |    29 ||    33
       Whirlwind         |       |     3 ||     3
  Use: Scroll            |     1 |     2 ||     3
       Potion            |       |     2 ||     2
 Stab: Distracted        |       |     1 ||     1
       Sleeping          |       |     9 ||     9
  Eat: Chunk             |     1 |    11 ||    12
       Ration            |     1 |     1 ||     2
Armor: Robe              |    19 |     9 ||    28
Dodge: Dodged            |    42 |    74 ||   116
